 Dungeon Crawl Stone Soup version 0.24.1-14-gf8d2b509d9 (webtiles) character file.

Game seed: 12431460266430783082, levelgen mode: deterministic

6149 Gruesph the Spear-Bearer (level 10, -8/70 HPs)
             Began as a Merfolk Skald on May 16, 2020.
             Was a Priest of Yredelemnul.
             Mangled by a freezing wraith (12 damage)
             ... on level 9 of the Dungeon.
             The game lasted 00:52:12 (12258 turns).

Gruesph the Spear-Bearer (Merfolk Skald)           Turns: 12258, Time: 00:52:13

Health: -8/70      AC:  4    Str: 19    XL:     10   Next: 90%
Magic:  11/18      EV: 13    Int: 13    God:    Yredelemnul [***...]
Gold:   483        SH:  5    Dex: 13    Spells: 9/20 levels left

rFire    . . .     SeeInvis .   a - +1 trident
rCold    . . .     Gourm    .   l - +0 buckler
rNeg     . . .     Faith    .   w - +0 troll leather armour
rPois    .         Spirit   .   (no helmet)
rElec    .         Reflect  .   (no cloak)
rCorr    .         Harm     .   (no gloves)
MR       .....                  (no boots)
Stlth    ++........             k - amulet of regeneration
HPRegen  1.01/turn              n - +4 ring of strength
MPRegen  0.16/turn              (no ring)

@: marked, very slightly contaminated, slowed, very slow
A: change form in water, swift swim, stealthy swim
a: Recall Undead Slaves, Injury Mirror, Animate Dead, Renounce Religion


You were on level 9 of the Dungeon.
You worshipped Yredelemnul.
Yredelemnul was most pleased with you.
You were near starving.

You visited 2 branches of the dungeon, and saw 10 of its levels.

You collected 483 gold pieces.

Inventory:

Hand Weapons
 a - a +1 trident (weapon)
Missiles
 d - 175 stones (quivered)
 e - 75 arrows
Armour
 l - a +0 buckler (worn)
 w - a +0 troll leather armour (worn)
Jewellery
 k - an amulet of regeneration (around neck)
 n - a +4 ring of strength (left hand)
Wands
 m - a wand of clouds (8)
Scrolls
 i - a scroll of identify
 o - 2 scrolls of immolation
 p - 3 scrolls of fear
 r - 3 scrolls of remove curse
 s - 3 scrolls of teleportation
 t - 2 scrolls of amnesia
 v - a scroll of enchant armour
Potions
 b - a potion of cancellation
 c - a potion of curing
 h - a potion of heal wounds
 j - a potion of ambrosia
 q - 2 potions of brilliance
 u - a potion of flight
Comestibles
 f - 7 rations


   Skills:
 - Level 3.0 Fighting
 + Level 12.7 Polearms
 - Level 1.0 Armour
 - Level 3.0 Dodging
 - Level 2.0 Stealth
 - Level 4.0 Shields
 - Level 5.5 Spellcasting
 - Level 3.1 Hexes
 - Level 6.0 Charms
 - Level 3.0 Necromancy
 - Level 4.0 Transmutations
 + Level 5.5 Invocations
 - Level 5.6 Evocations


You had 9 spell levels left.
You knew the following spells:

 Your Spells              Type           Power        Failure   Level  Hunger
a - Infusion              Chrm           ###.         1%          1    None
b - Song of Slaying       Chrm           ###.....     2%          2    ##.....
c - Regeneration          Chrm/Necr      ###.......   10%         3    ###....
d - Spectral Weapon       Hex/Chrm       ###.....     10%         3    ###....
s - Sticks to Snakes      Tmut           ##......     6%          2    ##.....

Your spell library contained the following spells:

 Spells                   Type           Power        Failure   Level  Hunger
 Beastly Appendage        Tmut           ##....       4%          1    None
 Shroud of Golubria       Chrm/Tloc      ##....       10%         2    ##.....
 Magic Dart               Conj           #...         22%         1    None
 Spider Form              Tmut/Pois      #.........   28%         3    ###....
 Searing Ray              Conj           #.....       32%         2    ##.....
 Dazzling Spray           Conj/Hex       #.....       32%         3    ###....
 Ice Form                 Ice/Tmut       #.......     67%         4    ####...
 Fulminant Prism          Conj/Hex       #.........   73%         4    ####...
 Blade Hands              Tmut           ##........   75%         5    ######.
 Force Lance              Conj/Tloc      #.......     91%         4    ####...
 Iskenderun's Mystic Bla  Conj           #.......     91%         4    ####...


Dungeon Overview and Level Annotations

Branches:
Dungeon (9/15)             Temple (1/1) D:7
   Lair: D:8-11         Orc: D:9-12

Altars:
Ashenzari
Cheibriados
Elyvilon
Fedhas
Hepliaklqana
Kikubaaqudgha
Makhleb
Nemelex Xobeh
Okawaru
Qazlal
Ru
Sif Muna
Trog
Uskayaw
Vehumet
Wu Jian
Xom
Yredelemnul
Zin
The Shining One

Shops:
D:6 (   D:9 (

Annotations:
D:9 Harold


Message History

The freezing wraith hits you!
* * * LOW HITPOINT WARNING * * *
The freezing wraith freezes you!
* * * LOW HITPOINT WARNING * * *
The freezing wraith hits you.
* * * LOW HITPOINT WARNING * * *
The freezing wraith drains your vigour!
You feel as though you will be slow longer.
There is a stone staircase leading up, spattered with blood here.
Okay, then.
Unknown command.
You feel much better.
Harold yells, "I don't have all day!"
The troll barely misses you. The troll closely misses you. The troll claws you!
* * * LOW HITPOINT WARNING * * *
The freezing wraith hits you!
* * * LOW HITPOINT WARNING * * *
The freezing wraith freezes you!
You die...
Your body rises from the dead as a mindless zombie.

#..# #.)# #!.#
##=.#############################
.......)................>......<#
.∩.....)).......?...............#
..........[.....................#
.............O.T................#
>............)@W@.....=.........#
....#############################
....# ....# ...! ...


You could see Harold, a two-headed ogre, a freezing wraith and a troll.

Vanquished Creatures
  A two-headed ogre (D:8)
  An unseen horror (D:7)
  Joseph (D:8)
  A troll (D:8)
  2 hippogriffs
  A wraith (D:7)
  2 hungry ghosts
  2 ice beasts
  2 orc warriors
  2 sky beasts
  A black bear (D:7)
  2 phantoms
  2 eyes of draining
  A necrophage (D:8)
  An ogre (D:7)
  A crocodile (D:9)
  6 bullfrogs
  9 killer bees
  9 wights
  A quasit (D:8)
  3 bullfrog zombies
  2 orc priests
  A gnoll shaman (D:6)
  6 hounds
  A jelly (D:8)
  4 orc wizards
  5 iguanas
  Natasha (thrice) (D:4)
  A worker ant (D:4)
  A hound zombie (D:2)
  A howler monkey skeleton (D:6)
  7 gnolls
  8 adders
  2 shadow imps
  2 adder skeletons
  3 worms
  4 dart slugs
  5 leopard geckos
  19 orcs
  2 ball pythons (D:3)
  7 bats
  14 giant cockroaches
  5 goblins
  2 hobgoblins (D:2)
  15 jackals
  5 kobolds
  5 quokkas
  A frilled lizard (D:4)
  3 rats
185 creatures vanquished.

Vanquished Creatures (collateral kills)
  A two-headed ogre (D:8)
  2 killer bees (D:8)
  A crimson imp (D:8)
  2 hounds
  An orc priest (D:8)
  An orc wizard (D:8)
  An adder (D:8)
  2 orcs (D:8)
  A leopard gecko zombie (D:9)
12 creatures vanquished.

Vanquished Creatures (others)
  A troll zombie (D:8)
  A bullfrog zombie (D:8)
  A sky beast zombie (D:9)
  A necrophage skeleton (D:8)
  An iguana zombie (D:9)
  An orc skeleton (D:8)
  A leopard gecko zombie (D:9)
  An orc zombie (D:9)
  A quokka zombie (D:9)
  A spectral weapon (D:9)
10 creatures vanquished.

Grand Total: 207 creatures vanquished

Notes
Turn   | Place    | Note
-------+----------+-------------------------------------------
     0 | D:1      | Gruesph the Merfolk Skald began the quest for the Orb.
     0 | D:1      | Reached XP level 1. HP: 16/16 MP: 3/3
   391 | D:1      | Reached XP level 2. HP: 23/23 MP: 0/5
   395 | D:1      | Learned a level 2 spell: Song of Slaying
   578 | D:1      | Reached skill level 1 in Armour
   580 | D:1      | Reached skill level 1 in Stealth
   928 | D:2      | Reached XP level 3. HP: 19/28 MP: 1/6
  1440 | D:2      | Reached XP level 4. HP: 22/34 MP: 4/7
  1723 | D:2      | Reached skill level 4 in Polearms
  1826 | D:2      | Found a shimmering blue altar of Sif Muna.
  2611 | D:3      | Reached XP level 5. HP: 36/41 MP: 6/8
  3144 | D:3      | Reached skill level 5 in Polearms
  3807 | D:4      | Noticed a phantom
  3849 | D:4      | Killed a phantom
  3849 | D:4      | Reached skill level 5 in Charms
  3849 | D:4      | Reached XP level 6. HP: 31/47 MP: 4/9
  3854 | D:4      | Learned a level 3 spell: Regeneration
  3858 | D:4      | Learned a level 3 spell: Spectral Weapon
  4101 | D:4      | Reached skill level 6 in Polearms
  4363 | D:4      | Noticed an eye of draining
  4426 | D:3      | Killed an eye of draining
  4426 | D:3      | Reached skill level 1 in Hexes
  4426 | D:3      | Reached skill level 1 in Necromancy
  4729 | D:4      | Noticed Natasha
  4743 | D:4      | Killed Natasha
  4743 | D:4      | Reached XP level 7. HP: 41/52 MP: 4/10
  4806 | D:4      | Found an iron altar of Okawaru.
  4806 | D:4      | Found a basalt altar of Yredelemnul.
  4900 | D:4      | Found a bloodstained altar of Trog.
  4938 | D:4      | Reached skill level 1 in Shields
  5096 | D:4      | Reached skill level 7 in Polearms
  5240 | D:4      | Found a basalt altar of Yredelemnul.
  5508 | D:4      | Became a worshipper of Yredelemnul the Dark
  5538 | D:4      | Noticed Natasha
  5546 | D:4      | Killed Natasha
  5668 | D:4      | Found a bloodstained altar of Trog.
  5844 | D:4      | Found an iron altar of Okawaru.
  5844 | D:4      | Found a basalt altar of Yredelemnul.
  5979 | D:4      | Found a basalt altar of Yredelemnul.
  5992 | D:4      | Noticed Natasha
  6000 | D:4      | Killed Natasha
  6151 | D:5      | Entered Level 5 of the Dungeon
  6414 | D:5      | Found a stormy altar of Qazlal.
  6423 | D:5      | Found a blossoming altar of Fedhas.
  6665 | D:5      | Found a glowing golden altar of the Shining One.
  6682 | D:5      | Reached skill level 1 in Evocations
  6848 | D:5      | Reached XP level 8. HP: 21/58 MP: 7/11
  7151 | D:6      | Reached skill level 8 in Polearms
  8012 | D:6      | Found Cyul Uduy's Antique Weapon Shop.
  8260 | D:6      | Reached * piety under Yredelemnul
  8395 | D:6      | Reached skill level 9 in Polearms
  8681 | D:7      | Noticed a hippogriff
  9023 | D:6      | Reached XP level 9. HP: 63/63 MP: 10/15
  9055 | D:7      | Found a staircase to the Ecumenical Temple.
  9086 | Temple   | Entered the Ecumenical Temple
  9665 | D:7      | Reached skill level 10 in Polearms
  9825 | D:7      | Killed an unseen horror
  9825 | D:7      | Reached skill level 5 in Spellcasting
  9825 | D:7      | Reached skill level 5 in Evocations
 10035 | D:7      | Reached skill level 1 in Invocations
 10037 | D:7      | Reached skill level 11 in Polearms
 10115 | D:7      | Got a pair of fine gloves
 10116 | D:7      | Identified the +1 pair of gloves "Tuafriak" {rPois rC+ MR-
                  | Stlth+} (You found it on level 7 of the Dungeon)
 10256 | D:7      | Learned a level 2 spell: Sticks to Snakes
 10284 | D:7      | Reached skill level 1 in Transmutations
 10389 | D:7      | Found a snail-covered altar of Cheibriados.
 10389 | D:7      | Found a shattered altar of Ashenzari.
 10390 | D:7      | Found a hazy altar of Hepliaklqana.
 10420 | D:7      | Reached XP level 10. HP: 70/70 MP: 12/18
 10522 | D:8      | Noticed Joseph
 10607 | D:7      | Reached ** piety under Yredelemnul
 10771 | D:8      | Killed Joseph
 10859 | D:7      | Identified a scroll of acquirement
 11146 | D:8      | Noticed a two-headed ogre
 11187 | D:8      | Killed a two-headed ogre
 11888 | D:9      | Noticed a two-headed ogre
 11928 | D:8      | Killed a two-headed ogre
 11928 | D:8      | Reached skill level 12 in Polearms
 12088 | D:9      | Found Cuyx's Weapon Boutique.
 12108 | D:9      | Reached *** piety under Yredelemnul
 12123 | D:9      | Reached skill level 5 in Invocations
 12234 | D:9      | Noticed Harold
 12251 | D:9      | Noticed a two-headed ogre
 12257 | D:9      | HP: 1/70 [freezing wraith (4)]
 12258 | D:9      | Mangled by a freezing wraith

Levels and vault maps discovered:
D:1:      dpeg_arrival_simpleton_c, layout_loops_ring, serial_park_tiny_1
D:2:      layout_loops_ring, first_ration, lemuel_blue_sif_altar
D:3:      minmay_roachtagon, layout_basic
D:4:      layout_cave_pools, trog_eyes_of_draining, grunt_temple_overflow_open,
          yredelemnul_altar_generic, uniq_natasha
D:5:      layout_rooms, grunt_temple_overflow_forces_of_nature,
          nicolae_overflow_crystal_walls, st_stairs_10
D:6:      layout_gridville, serial_shops, shop
D:7:      layout_loops_cross, gammafunk_temple_overflow_claw,
          minmay_temple_entry_slanted
D:8:      layout_rooms, uniq_joseph
D:9:      layout_cross, nicolae_gozag_cash_rules_everything_around_me,
          lemuel_crystal_altar, serial_shops, shop, hangedman_ranch
          [blue_anna_fruit_fields], eino_tiny_chamber, uniq_harold
Temple:   minmay_temple_curvy_loop

Skill      XL: |  1  2  3  4  5  6  7  8  9 10 |
---------------+-------------------------------+-----
Dodging        | 3 |  3.0
Armour         | 1 |  1.0
Stealth        | 1 2 |  2.0
Fighting       | 3 |  3.0
Polearms       | 4 5 6 7 9 11 12 | 12.7
Charms         | 4 5 6 |  6.0
Hexes          | 1 2 3 |  3.1
Necromancy     | 1 2 3 |  3.0
Shields        | 2 4 |  4.0
Evocations     | 1 3 5 |  5.6
Spellcasting   | 4 5 |  5.5
Invocations    | 2 5 |  5.5
Transmutations | 1 4 |  4.0

Action                   |  1- 3 |  4- 6 |  7- 9 | 10-12 || total
-------------------------+-------+-------+-------+-------++-------
Melee: Spear             |   106 |   240 |     3 |       ||   349
       Trident           |       |       |   365 |   179 ||   544
Throw: Stone             |     7 |    49 |    24 |     8 ||    88
 Cast: Infusion          |     5 |    23 |    28 |     6 ||    62
       Song of Slaying   |     2 |     5 |    13 |     4 ||    24
       Regeneration      |       |       |     2 |     6 ||     8
       Sticks to Snakes  |       |       |       |    17 ||    17
       Spectral Weapon   |       |       |       |     6 ||     6
Invok: Animate Remains   |       |       |       |     8 ||     8
       Animate Dead      |       |       |       |     3 ||     3
Evoke: Wand              |       |     1 |    11 |     2 ||    14
  Use: Scroll            |       |     9 |     7 |     5 ||    21
       Potion            |       |       |       |     1 ||     1
 Stab: Sleeping          |       |     2 |       |       ||     2
       Distracted        |       |       |       |     2 ||     2
  Eat: Chunk             |     1 |    13 |    11 |     9 ||    34
       Ration            |       |       |     3 |     1 ||     4
Armor: Scale mail        |    20 |       |       |       ||    20
       Ring mail         |    25 |    54 |    89 |    16 ||   184
       Troll leather arm |       |       |       |    14 ||    14
Dodge: Dodged            |    48 |    76 |   147 |    73 ||   344
Block: Buckler           |       |     1 |    53 |    33 ||    87
